AoeStats
← Wint

MegaRandom

503971197Analyzed
2v2 RM · 1mo ago on Sep 3, 2026· 44m 53s· 4 players
Game mode
Random Map
Map size
Medium (4 player)
Population
200
Speed
Normal
Resources
Standard
Victory
Conquest
Starting age
Dark Age
Ending age
Imperial Age
RankedLock teamsTeams togetherTeam positionsShared explorationLock speedFull tech treeHidden civsTurbo modeCheats
Victory
Defeat
🇧🇾 Huns · Belarus
957
+15
🇪🇸 Mongols · Spain
902
+17
🇩🇪 Byzantines · Germany
959
-17
🇩🇪 Teutons · Germany
899
-15
Chrisaefer
11:23 Feudal Age
12:40 Wheelbarrow
11:53 Double-Bit Axe
13:07 Horse Collar
17:54 Gold Mining
23:17 Castle Age
23:21 Forging
23:12 Scale Mail Armor
24:23 Hand Cart
24:32 Bow Saw
23:50 Elite Skirmisher
24:52 Heavy Plow
26:17 Fishing Lines
28:03 Iron Casting
27:44 Chain Mail Armor
27:21 Pikeman
28:08 Squires
39:02 Imperial Age
39:54 Gillnets
41:03 Stone Mining
42:13 Halberdier
Wint
0:35 Loom
14:36 Feudal Age
16:03 Wheelbarrow
16:44 Gold Mining
16:44 Stone Mining
17:55 Double-Bit Axe
19:50 Stone Mining
22:11 Castle Age
20:18 Fishing Lines
22:55 Gillnets
23:24 Medium Warships
23:31 Hand Cart
26:09 Bow Saw
26:08 Arson
31:48 Squires
33:21 Pikeman
36:35 Greek Fire
40:07 Imperial Age
38:19 Fletching
38:40 Forging
38:30 Scale Mail Armor
38:35 Scale Barding Armor
40:59 Ballistics
40:20 Treadmill Crane
40:40 Murder Holes
40:59 Logistica
41:36 Conscription
42:54 Chemistry
41:27 Halberdier
41:34 Elite Skirmisher
41:53 Capped Ram
43:25 Bodkin Arrow
44:06 Iron Casting
43:46 Chain Mail Armor
43:51 Chain Barding Armor
44:24 Heavy Camel Rider
Mugiwarawololoiño
10:54 Feudal Age
12:07 Double-Bit Axe
20:48 Castle Age
19:15 Gold Mining
19:15 Stone Mining
25:08 Forging
25:12 Bloodlines
25:03 Husbandry
29:33 Wheelbarrow
31:02 Iron Casting
32:45 Hand Cart
34:57 Bow Saw
34:47 Horse Collar
36:49 Heavy Plow
39:21 Imperial Age
39:46 Scale Barding Armor
40:50 Elite Steppe Lancer
43:48 Blast Furnace
HotCoffee
12:09 Feudal Age
14:07 Double-Bit Axe
18:03 Castle Age
17:15 Stone Mining
21:08 Bow Saw
24:57 Wheelbarrow
24:28 Husbandry
25:03 Bloodlines
26:49 Ballistics
27:08 Fletching
31:17 Gold Mining
31:39 Masonry
31:41 Forging
32:10 Marauders
32:59 Murder Holes
35:28 Gold Shaft Mining
34:50 Horse Collar
35:55 Bodkin Arrow
39:34 Iron Casting
42:44 Scale Barding Armor
42:40 Padded Archer Armor
Connection lost

Rejoining the realm…

Still unreachable

The connection could not be restored.

Session expired

The server has moved on; the page needs a fresh start.